 Dungeon Crawl Stone Soup version 0.27-a0-732-ga892ba84f6 (webtiles) character file.

Game seed: 8937067585200334851

86081 Klosterheim the Brawler (level 15, -8/138 HPs)
             Began as a Troll Warper on Mar 23, 2021.
             Was the Champion of Hepliaklqana.
             Mangled by a large slime creature (19 damage)
             ... on level 15 of the Dungeon.
             The game lasted 01:04:38 (23142 turns).

Klosterheim the Brawler (Troll Warper)             Turns: 23142, Time: 01:04:39

Health: -8/138     AC: 13    Str: 23    XL:     15   Next: 39%
Magic:  20/20      EV: 15    Int: 14    God:    Hepliaklqana [******]
Gold:   552        SH:  5    Dex:  9    Spells: 13/22 levels left

rFire    + + .     SeeInvis .     - Unarmed
rCold    + . .     Faith    .   (no shield)
rNeg     . . .     Spirit   .   R - +2 robe {rC+}
rPois    .         Reflect  +   (helmet restricted)
rElec    .         Harm     .   P - +2 cloak "Defeugre" {rF++ Slay+3}
rCorr    .         Rampage  .   (gloves unavailable)
Will     +....                  (boots unavailable)
Stlth    +.........             C - amulet of reflection
HPRegen  1.33/turn              E - +4 ring of protection
MPRegen  0.17/turn              o - +4 ring of evasion

@: berserk cooldown, slowed, studying Fighting, very slow
A: reduced essence, large, unfitting armour, claws 3, regeneration 1, shaggy fur
1, tough skin 1
a: Renounce Religion, Recall Ancestor, Ancestor Identity, Transference, Idealise


You were on level 15 of the Dungeon.
You worshipped Hepliaklqana.
Hepliaklqana was exalted by your worship.
You visited 3 branches of the dungeon, and saw 23 of its levels.
You visited the Abyss 1 time.
You also visited: Gauntlet and Ice Cave.

You collected 2280 gold pieces.
You spent 1728 gold pieces at shops.

Inventory:

Missiles
 d - 2 boomerangs of dispersal (quivered)
 A - 16 javelins
 B - 9 boomerangs
 S - 6 silver boomerangs
Armour
 H - a +2 robe of willpower
 P - the +2 cloak "Defeugre" (worn) {rF++ Slay+3}
   (You found it in a Gauntlet)

   It affects your accuracy and damage with ranged weapons and melee attacks
   (+3).
   It greatly protects you from fire.
 R - a +2 robe of cold resistance (worn)
Jewellery
 o - a +4 ring of evasion (left claw)
 u - a ring of poison resistance
 C - an amulet of reflection (around neck)
 E - a +4 ring of protection (right claw)
 F - a +6 ring of dexterity
 J - a ring of resist corrosion
Wands
 e - a wand of mindburst (12)
 f - a wand of random effects (29)
 p - a wand of digging (8)
 x - a wand of iceblast (3)
 y - a wand of flame (30)
 G - a wand of charming (25)
 U - a wand of polymorph (7)
Scrolls
 a - 4 scrolls of brand weapon
 c - 3 scrolls of blinking
 h - 3 scrolls of magic mapping
 i - 6 scrolls of teleportation
 k - 3 scrolls of immolation
 l - 7 scrolls of identify
 n - 3 scrolls of fog
 t - a scroll of amnesia
 I - 2 scrolls of enchant weapon
 M - a scroll of silence {unknown}
 O - 3 scrolls of enchant armour
 T - a scroll of fear
Potions
 b - 8 potions of curing
 j - 2 potions of flight
 m - 3 potions of lignification
 q - 4 potions of attraction
 r - 2 potions of brilliance
 s - 2 potions of haste
 v - 2 potions of mutation
 w - 4 potions of resistance
 z - 2 potions of magic
 K - a potion of cancellation
Miscellaneous
 L - a lightning rod (4/4)
 V - a tin of tremorstones (1/2)


   Skills:
 * Level 11.2 Fighting
 - Level 4.0 Throwing
 - Level 2.0 Armour
 - Level 6.0 Dodging
 - Level 17.0 Unarmed Combat
 - Level 4.0 Spellcasting
 - Level 5.0 Translocations
 - Level 7.0 Transmutations
 + Level 9.3 Earth Magic
 - Level 4.0 Invocations


You had 13 spell levels left.
You knew the following spells:

 Your Spells              Type           Power      Damage    Failure   Level
a - Blink                 Tloc           N/A        N/A       3%          2
b - Lesser Beckoning      Tloc           8%         N/A       8%          3
c - Petrify               Tmut/Erth      25%        N/A       7%          4

Your spell library contained the following spells:

 Spells                   Type           Power      Damage    Failure   Level
 Sandblast                Erth           58%        2d13      1%          1
 Gell's Gravitas          Tloc           8%         N/A       8%          3
 Teleport Other           Tloc           16%        N/A       8%          3
 Lee's Rapid Deconstruct  Erth           14%        3d10*     12%         5
 Corona                   Hex            2%         N/A       19%         1
 Freeze                   Ice            8%         1d3       19%         1
 Magic Dart               Conj           8%         1d3       19%         1
 Shock                    Conj/Air       8%         1d3       19%         1
 Manifold Assault         Tloc           16%        N/A       24%         4
 Call Imp                 Summ           2%         N/A       28%         2
 Ensorcelled Hibernation  Hex/Ice        4%         N/A       28%         2
 Poisonous Vapours        Pois/Air       4%         N/A       28%         2
 Slow                     Hex            2%         N/A       28%         2
 Swiftness                Air            2%         N/A       28%         2
 Confusing Touch          Hex            2%         N/A       50%         3
 Conjure Flame            Conj/Fire      2%         6-21      50%         3
 Dazzling Flash           Conj/Hex       4%         N/A       50%         3
 Frozen Ramparts          Ice            4%         1d2       50%         3
 Mephitic Cloud           Conj/Pois/Air  2%         N/A       50%         3
 Ozocubu's Armour         Ice            2%         N/A       50%         3
 Static Discharge         Conj/Air       2%         N/A       50%         3
 Tukima's Dance           Hex            2%         N/A       50%         3
 Statue Form              Tmut/Erth      16%        N/A       71%         6
 Yara's Violent Unravell  Hex/Tmut       6%         3d5       77%         5
 Bolt of Magma            Conj/Fire/Erth 5%         4d5       83%         5
 Airstrike                Air            1%         N/A       88%         4
 Cause Fear               Hex            1%         N/A       88%         4
 Fulminant Prism          Conj/Hex       1%         3d6       88%         4
 Hailstorm                Conj/Ice       2%         3d3       88%         4
 Sticky Flame             Conj/Fire      2%         2d3       88%         4
 Summon Ice Beast         Ice/Summ       2%         N/A       88%         4
 Summon Forest            Summ/Tloc      4%         N/A       88%         5
 Iskenderun's Battlesphe  Conj           2%         2d6       99%         5
 Lightning Bolt           Conj/Air       1%         1d12      99%         5
 Silence                  Hex/Air        1%         N/A       99%         5
 Iron Shot                Conj/Erth      7%         9d2       99%         6
 Freezing Cloud           Conj/Ice/Air   1%         6-21      100%        6
 Orb of Destruction       Conj           1%         N/A       100%        7
 Spellforged Servitor     Conj/Summ      1%         N/A       100%        7
 Discord                  Hex            1%         N/A       100%        8
 Shatter                  Erth           14%        3d14*     100%        9


Dungeon Overview and Level Annotations

Branches:
Dungeon (15/15)            Temple (0/1) D:5            Lair (6/6) D:10
 Shoals (0/4) Lair:3       Spider (0/4) Lair:2        Slime (0/5) Lair:6
    Orc (2/2) D:11            Elf (0/3) Orc:2        Vaults (0/5) D:13
  IceCv (visited)         Gauntlet (visited)
 Depths: D:15

Altars:
Ashenzari
Fedhas
Hepliaklqana
Makhleb
Nemelex Xobeh
Okawaru
Qazlal
Trog
Uskayaw
Xom
Yredelemnul
Zin
Beogh
Jiyva

Shops:
D:3 !   D:6 (   D:12 (   D:14 ?   Orc:2 (:=?

Annotations:
D:13 3 runed translucent doors, emiel's ghost, journeyman FoWn
Orc:2 3 runed translucent doors, p0werm0de's ghost, journeyman GrFi


Innate Abilities, Weirdness & Mutations

Your life essence is reduced to manifest your ancestor. (-10% HP)
You are too large for most types of armour.
You have claws for hands.
Your natural rate of healing is unusually fast.
You are covered in fur. (AC +1)
You have tough skin. (AC +1)


Message History

Two slime creatures merge to form a large slime creature.
The orc hits you with a +3 dagger. The troll completely misses you.
You block the troll's attack. The troll claws you.
The two-headed ogre barely misses you. The two-headed ogre misses you.
The orc knight hits you with a +0 long sword!
The wizard points at itself and mumbles some strange words.
The wizard flickers and vanishes!
Deactivating autopickup; reactivate with Ctrl-A.
You block the orc's attack. The warg misses you.
The vampire points at itself and mumbles some strange words.
The vampire flickers and vanishes!
The two-headed ogre misses you. The two-headed ogre closely misses you.
The orc knight roars a battlecry!
The orcs go into a battle-frenzy!
The troll completely misses you. The troll barely misses you.
The troll misses you.
The jelly hits Sosibius but does no damage.
The large slime creature closely misses you.
The warg bites you. The orc hits you with a +3 dagger.
The jelly hits Sosibius.
Sosibius is splashed with acid!
The acid corrodes Sosibius!
The two-headed ogre hits you with a +0 giant club!
The two-headed ogre hits you but does no damage.
The orc wizard hits Sosibius with a +1 dagger of venom.
The troll bites you! The troll misses you. The troll claws you.
The orc knight closely misses you.
There is a stone staircase leading up, spattered with blood here.
The large slime creature hits you! The warg misses you.
The slime creature barely misses you.
Sosibius hits the orc with a +0 quarterstaff!!
The orc dies!
The jelly barely misses Sosibius.
The orc wizard closely misses Sosibius.
The troll bites you! The troll claws you!
* * * LOW HITPOINT WARNING * * *
The troll completely misses you. You block the two-headed ogre's attack.
The two-headed ogre hits you with a +0 giant club!
* * * LOW HITPOINT WARNING * * *
The orc knight hits you with a +0 long sword!
* * * LOW HITPOINT WARNING * * *
The warg bites you but does no damage. The large slime creature hits you!!
You die...

......#...$....
#..............
#...#..........
. .........c...
#....}.o.......
##..#..Jo......
#.....JRo......
.....oO@o..F...
......ThJ......
.......l.......
...$.B"ยง..$....
...............
...............
...............
...............


You could see the friendly Sosibius the battlemage (corroded), a boulder beetle,
an orc knight, a large slime creature, a slime creature, a centaur warrior, a
two-headed ogre, a komodo dragon, a troll, a warg, an orc warrior (strong), a
bullfrog, a jelly, an orc wizard (strong) and 2 orcs.

Vanquished Creatures
  A lich (Abyss:3)
  A tentacled starspawn (Abyss:3)
  A dire elephant (Gauntlet)
  A minotaur (Gauntlet)
  A fire dragon (Lair:6)
  6 vault guards
  2 ghost crabs (D:13)
  Harold (D:10)
  A catoblepas (Lair:6)
  3 hydras
  2 centaur warriors (D:14)
  3 two-headed ogres
  3 thrashing horrors (Abyss:3)
  6 fire crabs (D:13)
  3 skeletal warriors
  A lindwurm (Lair:6)
  3 large abominations (Abyss:3)
  3 deep elf pyromancers
  3 cyclopes
  4 orc sorcerers
  2 manticores (D:14)
  A worldbinder (Abyss:3)
  3 ugly things
  7 black mambas
  3 ice statues (IceCv)
  6 elephants
  2 molten gargoyles (Lair:6)
  An apocalypse crab (D:13)
  A frost giant skeleton (Abyss:3)
  7 cane toads
  4 komodo dragons
  2 rime drakes (Lair:5)
  2 tengu conjurers (Gauntlet)
  An ancient zyme (Abyss:3)
  5 ice devils (IceCv)
  4 trolls
  2 polar bears
  A raiju (Abyss:3)
  2 slime creatures (D:12)
  A hornet (D:8)
  10 blink frogs
  A redback (Lair:2)
  Sigmund (D:4)
  A shadow (Abyss:3)
  16 yaks
  4 humans
  6 basilisks
  5 wyverns
  A chaos spawn (Abyss:3)
  A steam dragon (D:9)
  6 water moccasins
  4 hell hounds
  17 orc warriors
  An ice beast (D:12)
  A hornet zombie (D:6)
  A sky beast (D:11)
  2 black bears
  A necrophage (D:11)
  6 ogres
  7 wolves
  3 centaurs
  3 phantoms
  2 small abominations (Abyss:3)
  2 kobold brigands
  12 bullfrogs
  2 wyvern skeletons (D:6)
  8 scorpions
  14 killer bees
  17 wights
  An electric eel (D:11)
  A quasit (D:7)
  2 lava snakes (Lair:6)
  A draconian simulacrum (IceCv)
  5 hounds
  5 jellies
  18 orc priests
  3 centaur skeletons
  3 bullfrog skeletons
  A gnoll shaman (D:4)
  14 worker ants
  4 iguanas
  19 orc wizards
  A spriggan simulacrum (IceCv)
  3 gnolls (D:4)
  A naga simulacrum (IceCv)
  9 adders
  4 ogre simulacra (IceCv)
  2 shadow imps
  12 white imps
  An ufetubus (D:5)
  2 worms
  2 dart slugs
  68 orcs
  A ball python (D:1)
  7 bats
  3 giant cockroaches
  10 goblins
  13 hobgoblins
  4 jackals
  13 kobolds
  11 oozes
  8 quokkas
  A frilled lizard (D:3)
  A jackal skeleton (D:4)
  A quokka skeleton (D:6)
  4 rats
  2 plants (Gauntlet)
522 creatures vanquished.

Vanquished Creatures (collateral kills)
  3 entropy weavers (D:13)
  Fannar (D:12)
  A rakshasa (Abyss:3)
  A hydra (D:12)
  A centaur warrior (D:12)
  A two-headed ogre (D:12)
  A tengu warrior (Gauntlet)
  A thrashing horror (Abyss:3)
  Sonja (Lair:1)
  An orc high priest (Orc:1)
  A skeletal warrior (D:15)
  An unseen horror (D:13)
  A necromancer (IceCv)
  A manticore (D:11)
  An orc sorcerer (Orc:2)
  6 ugly things
  The ghost of Lanoc the Sneak, a novice TeBr of Xom (D:5)
  An elephant (Lair:5)
  A cyclops (D:11)
  A cane toad (Lair:6)
  A gargoyle (D:11)
  2 ice devils (IceCv)
  2 rime drakes
  A queen bee (Gauntlet)
  3 trolls
  A jumping spider (shapeshifter) (D:13)
  A slime creature (D:12)
  2 blink frogs
  2 shadows (D:14)
  A wyvern (D:8)
  A redback (Lair:2)
  5 yaks
  A basilisk (Lair:6)
  2 humans (D:13)
  A steam dragon (Lair:6)
  A soldier ant (shapeshifter) (D:15)
  A hell hound (Lair:6)
  A water moccasin (Lair:5)
  A black bear (Lair:2)
  6 orc warriors
  An ice beast (D:10)
  2 sky beasts
  2 ogres (Orc:2)
  2 wolves (Lair:2)
  3 phantoms
  A kobold brigand (D:8)
  2 wyvern zombies
  3 bullfrogs
  A scorpion (D:10)
  7 killer bees
  2 electric eels (D:11)
  7 wights
  3 lava snakes (Lair:6)
  A bullfrog zombie (D:5)
  An orc priest (Orc:2)
  A bullfrog skeleton (D:5)
  An iguana (D:10)
  17 orc wizards
  A troll simulacrum (IceCv)
  3 worker ants
  A centaur simulacrum (IceCv)
  2 hound zombies
  Robin (D:4)
  5 adders
  A naga simulacrum (IceCv)
  4 white imps (D:12)
  A worm (D:3)
  28 orcs
  A giant cockroach (D:8)
  4 goblins
  A jackal (D:11)
  7 kobolds
  4 quokkas
  5 bats
  A quokka skeleton (D:5)
190 creatures vanquished.

Vanquished Creatures (others)
  25 battlemagi
  2 ancestors (D:4)
  28 fungi
  37 plants
  2 starspawn tentacles (Abyss:3)
94 creatures vanquished.

Grand Total: 806 creatures vanquished

Notes
Turn   | Place    | Note
-------+----------+-------------------------------------------
     0 | D:1      | Klosterheim the Troll Warper began the quest for the Orb.
     0 | D:1      | Reached XP level 1. HP: 19/19 MP: 1/1
    87 | D:1      | Reached skill level 1 in Throwing
   261 | D:1      | Reached XP level 2. HP: 28/28 MP: 3/3
  1033 | D:2      | Reached XP level 3. HP: 35/35 MP: 4/4
  1144 | D:2      | Found a hazy altar of Hepliaklqana.
  1150 | D:2      | Became a worshipper of Hepliaklqana the Forgotten
  1387 | D:2      | Reached XP level 4. HP: 29/37 MP: 5/5
  1876 | D:3      | Reached * piety under Hepliaklqana
  2076 | D:3      | Found Ikiger's Distillery.
  2085 | D:3      | Reached skill level 3 in Unarmed Combat
  2097 | D:3      | Bought a potion of curing for 36 gold pieces
  2097 | D:3      | Bought a potion of heal wounds for 60 gold pieces
  2097 | D:3      | Bought a potion of lignification for 36 gold pieces
  2427 | D:3      | Found a broken altar of Ashenzari.
  2427 | D:3      | Found a sparkling altar of Nemelex Xobeh.
  2517 | D:3      | Found a bloodstained altar of Trog.
  2518 | D:3      | Found a shimmering altar of Xom.
  2952 | D:4      | Reached XP level 5. HP: 45/45 MP: 6/6
  2956 | D:4      | Noticed Robin
  3065 | D:4      | Killed Robin
  3347 | D:4      | Found a burning altar of Makhleb.
  3360 | D:4      | Reached skill level 4 in Unarmed Combat
  3360 | D:4      | Reached XP level 6. HP: 54/54 MP: 8/8
  3561 | D:4      | Noticed Sigmund
  3567 | D:4      | Killed Sigmund
  3568 | D:4      | Reached skill level 5 in Unarmed Combat
  3858 | D:4      | Reached XP level 7. HP: 46/60 MP: 9/9
  3861 | D:4      | Reached skill level 6 in Unarmed Combat
  3919 | D:5      | Entered Level 5 of the Dungeon
  3945 | D:5      | Found an iron altar of Okawaru.
  4012 | D:5      | Reached ** piety under Hepliaklqana
  4013 | D:5      | Remembered your ancestor Sosibius as a battlemage
  4082 | D:5      | Found a transporter.
  4250 | D:5      | Found a transporter.
  4252 | D:5      | Noticed Lanoc's ghost (novice TeBr)
  4353 | D:5      | Reached skill level 1 in Invocations
  4461 | D:5      | Found a staircase to the Ecumenical Temple.
  4501 | D:5      | Found a blossoming altar of Fedhas.
  4574 | D:5      | Found a hide-covered altar of Uskayaw.
  4858 | D:5      | Reached XP level 8. HP: 68/68 MP: 10/10
  4867 | D:5      | Killed Lanoc's ghost
  4945 | D:6      | Reached skill level 7 in Unarmed Combat
  5003 | D:6      | Found a glowing silver altar of Zin.
  5046 | D:6      | Found Reuwuroc's Antique Weapon Shoppe.
  5285 | D:6      | Reached XP level 9. HP: 71/75 MP: 11/11
  5562 | D:6      | Identified a scroll of acquirement
  5562 | D:6      | Acquired Lee's Handbook of Battle Magic and the Mountains
  5601 | D:6      | Learned a level 2 spell: Blink
  5605 | D:6      | Learned a level 3 spell: Lesser Beckoning
  5610 | D:6      | Learned a level 4 spell: Petrify
  5630 | D:7      | Reached *** piety under Hepliaklqana
  6176 | D:8      | Reached skill level 8 in Unarmed Combat
  6176 | D:8      | Reached skill level 5 in Translocations
  6215 | D:8      | Paralysed by a hornet for 1 turns
  6220 | D:8      | Reached skill level 9 in Unarmed Combat
  6587 | D:8      | Reached skill level 10 in Unarmed Combat
  7211 | D:9      | Found a stormy altar of Qazlal.
  7284 | D:9      | Reached XP level 10. HP: 65/78 MP: 12/12
  7324 | D:9      | Reached skill level 11 in Unarmed Combat
  7332 | D:9      | Found a basalt altar of Yredelemnul.
  7368 | D:9      | Reached **** piety under Hepliaklqana
  7705 | D:10     | Entered Level 10 of the Dungeon
  8002 | D:10     | Reached skill level 12 in Unarmed Combat
  8003 | D:10     | Found a staircase to the Lair.
  8246 | D:10     | Found a bloodstained altar of Trog.
  8272 | D:10     | Noticed Harold
  8285 | D:10     | Killed Harold
  8553 | Lair:1   | Entered Level 1 of the Lair of Beasts
  8556 | Lair:1   | Noticed a five-headed hydra
  8564 | Lair:1   | Reached ***** piety under Hepliaklqana
  8566 | Lair:1   | Noticed a cane toad
  8587 | D:10     | Reached skill level 13 in Unarmed Combat
  8702 | D:10     | Killed a seven-headed hydra
  8703 | D:10     | Reached XP level 11. HP: 90/90 MP: 13/13
  8835 | Lair:1   | Noticed Sonja
  8839 | Lair:1   | Killed Sonja
  8840 | Lair:1   | Reached skill level 14 in Unarmed Combat
  9032 | Lair:1   | Reached skill level 1 in Armour
  9032 | Lair:1   | Reached skill level 1 in Earth Magic
  9043 | Lair:1   | Reached skill level 1 in Transmutations
  9736 | Lair:2   | Noticed a seven-headed hydra
 10089 | Lair:2   | Killed a seven-headed hydra
 10090 | Lair:2   | Reached skill level 5 in Fighting
 10090 | Lair:2   | Reached skill level 5 in Dodging
 10178 | Lair:2   | Found a hole to the Spider Nest.
 10724 | Lair:3   | Reached XP level 12. HP: 79/99 MP: 14/14
 10793 | Lair:3   | Found a staircase to the Shoals.
 10931 | Lair:3   | Noticed a six-headed hydra
 11289 | Lair:4   | Reached ****** piety under Hepliaklqana
 11985 | Lair:5   | Noticed a seven-headed hydra
 11994 | Lair:5   | Killed a seven-headed hydra
 12219 | Lair:5   | Reached skill level 5 in Earth Magic
 12802 | Lair:6   | Entered Level 6 of the Lair of Beasts
 13143 | Lair:6   | Found a runed translucent door.
 13144 | Lair:6   | Found a viscous altar of Jiyva.
 13144 | Lair:6   | Found a staircase to the Slime Pits.
 13219 | Lair:6   | Reached skill level 5 in Transmutations
 13237 | Lair:6   | HP: 2/102 [molten gargoyle/bolt of magma (28)]
 13485 | Lair:6   | HP: 5/102 [water moccasin (3)]
 13492 | Lair:6   | Reached XP level 13. HP: 29/109 MP: 12/15
 14066 | Lair:6   | Found a large runed translucent door.
 14075 | Lair:6   | Found a large runed translucent door.
 14083 | Lair:6   | Noticed a fire dragon
 14354 | Lair:6   | Killed a fire dragon
 14919 | D:11     | Found a staircase to the Orcish Mines.
 15001 | Orc:1    | Entered Level 1 of the Orcish Mines
 15219 | Orc:2    | Entered Level 2 of the Orcish Mines
 15754 | Orc:2    | Found Setuakif's Magic Scroll Shoppe.
 15754 | Orc:2    | Found Hiptoeg's Jewellery Shoppe.
 15755 | Orc:2    | Found Qucsan's Antique Weapon Emporium.
 15759 | Orc:2    | Found Qadwud's Book Emporium.
 15774 | Orc:2    | Bought a scroll of identify for 32 gold pieces
 15774 | Orc:2    | Bought a scroll of enchant armour for 120 gold pieces
 15774 | Orc:2    | Bought a scroll of enchant armour for 120 gold pieces
 15978 | Orc:2    | Noticed a minotaur
 15978 | Orc:2    | Noticed p0werm0de's ghost (journeyman GrFi)
 15996 | Orc:2    | Found a runed translucent gate.
 15997 | Orc:2    | Found a runed translucent gate.
 15998 | Orc:2    | Found a runed translucent gate.
 16016 | Orc:2    | Reached skill level 15 in Unarmed Combat
 16175 | Orc:2    | Found a staircase to the Elven Halls.
 17037 | D:12     | Found Raoqan's Antique Weapon Boutique.
 17063 | D:12     | Found a frozen archway.
 17091 | IceCv    | Entered an ice cave
 17380 | IceCv    | Reached skill level 16 in Unarmed Combat
 17768 | D:12     | Reached XP level 14. HP: 122/122 MP: 16/16
 17897 | D:12     | Noticed Fannar
 17912 | D:12     | Killed Fannar
 18007 | D:13     | Noticed emiel's ghost (journeyman FoWn)
 18008 | D:13     | Found a runed translucent gate.
 18009 | D:13     | Found a runed translucent gate.
 18010 | D:13     | Found a runed translucent gate.
 18012 | D:13     | Identified the +0 plate armour of Sif Muna's Hatred {Will-
                  | Str+3 Int+10 Dex-2}
 18035 | D:13     | Found a runed translucent door.
 18352 | D:13     | Found a gate leading to a gauntlet.
 18369 | Gauntlet | Entered a Gauntlet
 18369 | Gauntlet | Found a transporter.
 18432 | Gauntlet | Found a transporter.
 18433 | Gauntlet | Found a transporter.
 18459 | Gauntlet | Found a transporter.
 18477 | Gauntlet | Found a transporter.
 18479 | Gauntlet | Found a transporter.
 18492 | Gauntlet | Found a transporter.
 18513 | Gauntlet | Found a runed translucent door.
 18514 | Gauntlet | Found a transporter.
 18515 | Gauntlet | Found a runed translucent door.
 18524 | Gauntlet | Found a transporter.
 18524 | Gauntlet | Noticed a quicksilver ooze
 18531 | Gauntlet | Found a transporter.
 18532 | Gauntlet | Found a transporter.
 18542 | Gauntlet | Found a transporter.
 18706 | Gauntlet | Identified the +2 pair of gloves "Disewi" {-Cast Int+5}
 18963 | Gauntlet | Identified the +2 cloak "Defeugre" {rF++ Slay+3}
 19035 | Gauntlet | Identified the +9 broad axe of the Gnat {vorpal, +Fly
                  | Str+4}
 19046 | Gauntlet | Identified the Handbook of the Dusty Voyage
 19054 | Gauntlet | Identified the +1 robe of Emysyomp {Harm MP+9 Str-4 Slay-3}
 19058 | Gauntlet | Identified the +0 pair of boots of Ellisem {Regen+}
 19838 | D:13     | Found a gate to the Vaults.
 20826 | D:13     | Identified the +5 dagger of Iti Quul {freeze, +Inv}
 21038 | Orc:2    | Bought a manual of Fighting for 1324 gold pieces
 21197 | D:14     | Reached skill level 17 in Unarmed Combat
 21602 | D:14     | Found Piawn's Magic Scroll Boutique.
 21759 | D:14     | Reached XP level 15. HP: 114/131 MP: 18/20
 22152 | D:15     | Entered Level 15 of the Dungeon
 22563 | D:15     | Cast into level 3 of the Abyss (a wizard)
 22583 | Abyss:3  | Found an ancient bone altar of Kikubaaqudgha.
 22586 | Abyss:3  | Noticed a tentacled starspawn
 22593 | Abyss:3  | Killed a tentacled starspawn
 22594 | Abyss:3  | Reached skill level 10 in Fighting
 22619 | Abyss:3  | Noticed a hellephant
 22622 | Abyss:3  | Noticed a tentacled starspawn
 22629 | Abyss:3  | Found an ancient bone altar of Kikubaaqudgha.
 22826 | Abyss:3  | HP: 4/136 [acid (11)]
 22831 | Abyss:3  | HP: 3/136 [starcursed mass/accursed screaming (6)]
 23080 | Abyss:3  | Noticed a lich
 23112 | Abyss:3  | Killed a lich
 23141 | D:15     | Escaped the Abyss
 23142 | D:15     | Mangled by a large slime creature

Illustrated notes

Levels and vault maps discovered:
D:1:      dpeg_arrival_rhombus, layout_basic
D:2:      layout_loops_ring, marbit_many_paths, chequers_arboretum
D:3:      layout_basic, gammafunk_temple_overflow_wave,
          gammafunk_temple_overflow_statue, serial_shops,
          nicolae_shop_waterfront, kennysheep_cross_room
D:4:      layout_basic, old_standard_altar, uniq_robin, uniq_sigmund
D:5:      layout_loops_corners, kennysheep_mini_moat,
          kennysheep_okawaru_gauntlet, fedhas_ov_isle_minmay,
          minmay_temple_entry_ruins, gammafunk_ghost_mausoleum
D:6:      layout_rooms, zin_statuary, serial_shops, shop, grunt_ministairs_10,
          corexii_hall_statues_i, fountainhead, minmay_fractal_squares_gapless_5
D:7:      layout_basic
D:8:      old_forge, layout_rooms, eino_jars
D:9:      layout_roguey, nicolae_overflow_hidden_temple,
          nicolae_qazlal_scattered_showers, special_room [special_room_orc],
          minmay_door_square
D:10:     layout_gridville, grunt_lair_entry_orc_guard_hut, nicolae_sextant,
          grunt_decor_junction, bloody_trog, uniq_harold
D:11:     layout_big_octagon, orc_0_dummy
D:12:     layout_gridville, portal_ice_cave_entry_imps, serial_shops,
          nicolae_shop_behind_doors, kennysheep_decorative_pillar, uniq_fannar
D:13:     gammafunk_mikee_crab_dinner, layout_irregular_city,
          ximxim_vaults_locker_room, gauntlet_entry_generic,
          biasface_ghost_orc_armoury, grunt_ministairs_8
D:14:     layout_irregular_city, serial_park_square3
          [serial_park_minivault_5x5_8], serial_shops, shop,
          hangedman_decor_peaks_small, chequers_serial_rivers_marsh
D:15:     grunt_enter_depths_snipers, layout_cave_pools, serial_shops,
          nicolae_shop_window_shopping, pf_eden
Lair:1:   layout_concentric_octagons, fungi_pond_lemuel, uniq_sonja
Lair:2:   layout_cave_pods, spider_nest_entry_webs, grunt_megastairs_3,
          lemuel_fruit_tree
Lair:3:   layout_regular_city, elwin_shoals_entry_rocks, serial_bayou_shore_b,
          lemuel_fruit_fields
Lair:4:   layout_small_grid
Lair:5:   layout_regular_city, st_stairs_5
Lair:6:   cheibrodos_lair_end_hotspot, layout_layer_cave, slime_altar_2
Orc:1:    layout_caves, gammafunk_ghost_split
Orc:2:    st_orc_mages, layout_caves, maelrawn_ghost_gauntlet_escape,
          nicolae_orc_lava_room

Skill      XL: |  1  2  3  4  5  6  7  8  9 10 11 12 13 14 15 |
---------------+----------------------------------------------+-----
Throwing       | 1 4 |  4.0
Dodging        | 2 4 5 6 |  6.0
Fighting       | 2 3 4 5 6 8 9 11 | 11.2
Unarmed Combat | 3 4 5 6 7 10 13 14 16 17 | 17.0
Spellcasting   | 2 4 |  4.0
Translocations | 3 4 5 |  5.0
Invocations    | 1 3 4 |  4.0
Armour         | 2 |  2.0
Earth Magic    | 3 7 8 9 |  9.3
Transmutations | 3 5 6 7 |  7.0

Action                   |  1- 3 |  4- 6 |  7- 9 | 10-12 | 13-15 || total
-------------------------+-------+-------+-------+-------+-------++-------
Melee: Unarmed           |    77 |   207 |   260 |   460 |   856 ||  1860
       Punch             |       |     1 |     8 |    23 |    58 ||    90
Throw: Boomerang         |       |       |       |       |     3 ||     3
       Javelin           |       |       |       |       |     1 ||     1
 Cast: Lesser Beckoning  |       |       |     1 |       |       ||     1
       Blink             |       |       |       |     6 |     3 ||     9
Invok: Ancestor Identity |     1 |       |       |       |       ||     1
       Ancestor Life: Ba |       |       |     1 |       |       ||     1
       Recall Ancestor   |       |       |       |     1 |     3 ||     4
Evoke: Wand              |       |       |     3 |    22 |       ||    25
       Lightning rod     |       |       |       |       |     9 ||     9
       Tin of tremorston |       |       |       |       |     2 ||     2
  Use: Scroll            |       |       |    15 |     9 |    13 ||    37
       Potion            |       |       |     2 |     6 |    10 ||    18
 Stab: Sleeping          |     1 |     1 |     2 |       |       ||     4
       Distracted        |       |     2 |     1 |     6 |     6 ||    15
       Held in net/web   |       |       |       |     1 |       ||     1
Armor: Robe              |    28 |    39 |    42 |       |   143 ||   252
       Steam dragon scal |       |       |       |    16 |       ||    16
       Troll leather arm |       |       |       |    72 |    88 ||   160
Dodge: Dodged            |    34 |   136 |   250 |   290 |   463 ||  1173
Block: Other             |       |       |     3 |    92 |   173 ||   268
       Reflection        |       |       |       |     2 |     6 ||     8

Table legend: (Time is in decaauts)
 A = Elapsed time spent in this place.
 B = Non-inter-level travel time spent in this place.
 C = Inter-level travel time spent in this place.
 D = Time resting spent in this place.
 E = Time spent auto-exploring this place.
 F = Levels seen in this place.
 G = Mean time per level.
                   A        B        C        D        E       F      G
               +--------+--------+--------+--------+--------+-----+--------+
         Total |  22787 |  21189 |   1598 |   3085 |  13644 |  26 |  876.4 |
       Dungeon |  13561 |  12466 |   1095 |   1455 |   8416 |  15 |  904.1 |
          Lair |   5940 |   5555 |    385 |    596 |   4216 |   6 |  990.0 |
  Orcish Mines |   1585 |   1468 |    117 |    367 |    730 |   2 |  792.5 |
         Abyss |    557 |    557 |      0 |    302 |     94 |   1 |  557.0 |
      Ice Cave |    434 |    434 |      0 |     99 |    156 |   1 |  434.0 |
      Gauntlet |    708 |    708 |      0 |    266 |     32 |   1 |  708.0 |
               +--------+--------+--------+--------+--------+-----+--------+

Top non-repeatable levels by time:
    D:13: 2135 daAuts
  Lair:6: 1782 daAuts
    D:14: 1336 daAuts
     D:3: 1183 daAuts
  Lair:1: 1048 daAuts
   Orc:2: 1042 daAuts
     D:4: 999 daAuts
    D:10: 983 daAuts
     D:5: 975 daAuts
  Lair:2: 975 daAuts
     D:1: 927 daAuts
  Lair:5: 915 daAuts
  Lair:4: 914 daAuts
     D:9: 841 daAuts
     D:2: 793 daAuts
